 Dungeon Crawl Stone Soup version 0.28-a0-697-g47f3eba078 (webtiles) character file.

Game seed: 3287029425228711497

71 avis the Ruffian (level 3, -6/28 HPs)
             Began as a Demigod Transmuter on Oct 23, 2021.
             Killed from afar by an orc wizard (12 damage)
             ... with a puff of flame
             ... on level 3 of the Dungeon.
             The game lasted 00:10:07 (2566 turns).

avis the Ruffian (Demigod Transmuter)               Turns: 2566, Time: 00:10:08

Health: -6/28      AC:  3    Str: 15    XL:     3   Next: 79%
Magic:  8/8        EV: 12    Int: 15    God:
Gold:   58         SH:  0    Dex: 14    Spells: 1/5 levels left

rFire   . . .      SeeInvis .     - Unarmed
rCold   . . .      Faith    .   (no shield)
rNeg    . . .      Spirit   .   a - +0 robe
rPois   .          Reflect  .   e - +0 hat
rElec   .          Harm     .   (no cloak)
rCorr   .          Rampage  .   (no gloves)
Will    .....                   k - +0 pair of boots
Stlth   +.........              (no amulet)
HPRegen 0.09/turn               (no ring)
MPRegen 0.11/turn               (no ring)

@: hasted, very quick
A: high mp 1, forlorn
a: no special abilities


You were on level 3 of the Dungeon.
You visited 1 branch of the dungeon, and saw 3 of its levels.

You collected 58 gold pieces.

Inventory:

Hand Weapons
 b - a +0 hunting sling
Missiles
 c - 40 bolts
 f - 31 poisoned darts (quivered)
 l - 10 sling bullets
 m - 2 javelins
 p - 18 arrows
 u - 57 stones
Armour
 a - a +0 robe (worn)
 e - a +0 hat (worn)
 g - a +0 ring mail
 k - a +0 pair of boots (worn)
Magical Staves
 n - a staff of fire
Scrolls
 h - a scroll of acquirement {unknown}
 i - 2 scrolls of fog {unknown}
 o - a scroll of magic mapping {unknown}
 s - a scroll of blinking {unknown}
 t - 3 scrolls of silence {unknown}
 v - a scroll of summoning {unknown}
 w - a scroll of enchant weapon {unknown}
Potions
 d - a potion of ambrosia {unknown}
 j - a potion of magic {unknown}
 q - a potion of haste
 r - 2 potions of heal wounds {unknown}


   Skills:
 * Level 1.5 Fighting
 - Level 1.7 Dodging
 - Level 4.0 Unarmed Combat
 - Level 1.7 Spellcasting
 - Level 2.0 Transmutations
 - Level 1.0 Poison Magic


You had one spell level left.
You knew the following spells:

 Your Spells              Type           Power      Damage    Failure   Level
a - Beastly Appendage     Tmut           14%        N/A       10%         1
p - Spider Form           Tmut/Pois      2%         N/A       36%         3

Your spell library contained the following spells:

 Spells                   Type           Power      Damage    Failure   Level
 Wereblood                Tmut           7%         N/A       16%         2
 Slow                     Hex            1%         N/A       34%         2
 Confusing Touch          Hex            1%         N/A       56%         3
 Ice Form                 Ice/Tmut       4%         N/A       83%         4
 Yara's Violent Unravell  Hex/Tmut       2%         3d3       99%         5


Dungeon Overview and Level Annotations

Branches:
Dungeon (3/15)


Innate Abilities, Weirdness & Mutations

Your attributes grow dramatically as you level up.
You have an increased reservoir of magic. (+10% MP)
You shall have no god before yourself.


Message History

You are more confused.
You closely miss the orc wizard.
The orc wizard is heavily wounded.
The orc wizard points at you and mumbles some strange words.
The magic dart hits you.
You bump into the rock wall.
The orc wizard hits you with a +0 short sword.
You're too confused to move!
The orc wizard barely misses you.
You hit the orc wizard but do no damage.
The orc wizard is heavily wounded.
The orc wizard gestures at you while chanting.
You resist with some effort.
You bump into the rock wall.
The orc wizard hits you with a +0 short sword.
You bump into the rock wall.
The orc wizard hits you with a +0 short sword.
You miss the orc wizard.
The orc wizard is moderately wounded.
You feel less confused. The orc wizard barely misses you.
You hit the orc wizard but do no damage.
The orc wizard is moderately wounded.
The orc wizard casts a spell at you.
You are confused.
You hit the orc wizard but do no damage.
The orc wizard is moderately wounded.
The orc wizard casts a spell at you. The magic dart hits you!
You hit the orc wizard.
The orc wizard is heavily wounded.
The orc wizard hits you with a +0 short sword.
* * * LOW HITPOINT WARNING * * *
You closely miss the orc wizard.
The orc wizard is heavily wounded.
Unknown command.
It was a potion of haste.
You feel yourself speed up.
You feel less confused.
The orc wizard gestures at you while chanting.
The puff of flame hits you!
You die...

#......)..#
##.......##
##.....## ##...##
##+## # ########.#
#.(..o@..#
#..).[.######.....#
##.(.#. ##.## ....
.. ### ##. #. ##


You could see an orc wizard.

Vanquished Creatures
  An adder (D:2)
  2 worms (D:2)
  A dart slug (D:1)
  5 endoplasms
  2 giant cockroaches
  8 goblins
  7 hobgoblins
  2 quokkas (D:2)
  4 ball pythons
  4 bats (D:1)
  8 frilled lizards
  7 kobolds
  3 rats
54 creatures vanquished.

Notes
Turn   | Place    | Note
-------+----------+-------------------------------------------
     0 | D:1      | avis the Demigod Transmuter began the quest for the Orb.
     0 | D:1      | Reached XP level 1. HP: 15/15 MP: 5/5
   121 | D:1      | Reached skill level 3 in Unarmed Combat
   390 | D:1      | Reached XP level 2. HP: 22/22 MP: 5/7
  1427 | D:2      | Reached XP level 3. HP: 24/27 MP: 6/8
  1474 | D:2      | Reached skill level 4 in Unarmed Combat
  1486 | D:2      | Learned a level 3 spell: Spider Form
  1662 | D:2      | Reached skill level 1 in Poison Magic
  1670 | D:2      | Reached skill level 1 in Fighting
  2566 | D:3      | Killed from afar by an orc wizard

Illustrated notes

Levels and vault maps discovered:
D:1:      mrwooster_arrival_statue, layout_loops_ring,
          hellmonk_ecumenical_altar_heavens_door
D:2:      layout_rooms, chequers_mini_garden
D:3:      layout_loops_corners, grunt_temple_overflow_opulence,
          lemuel_tele_altar

Skill      XL: |  1  2  3 |
---------------+----------+-----
Unarmed Combat | 3 4 |  4.0
Transmutations | 2 |  2.0
Poison Magic   | 1 |  1.0
Fighting       | 1 |  1.5
Dodging        | |  1.7
Spellcasting   | |  1.7

Action                   || total
-------------------------++-------
Melee: Unarmed           ||   134
       Kick              ||    26
       Headbutt          ||    18
       Punch             ||     1
 Fire: Hunting sling     ||     8
 Cast: Beastly Appendage ||    40
  Use: Potion            ||     1
 Stab: Sleeping          ||     1
Armor: Robe              ||     8
Dodge: Dodged            ||    62

Table legend: (Time is in decaauts)
 A = Elapsed time spent in this place.
 B = Non-inter-level travel time spent in this place.
 C = Inter-level travel time spent in this place.
 D = Time resting spent in this place.
 E = Time spent auto-exploring this place.
 F = Levels seen in this place.
 G = Mean time per level.
                   A        B        C        D        E       F      G
               +--------+--------+--------+--------+--------+-----+--------+
         Total |   2558 |   2487 |     71 |    968 |    992 |   3 |  852.7 |
       Dungeon |   2558 |   2487 |     71 |    968 |    992 |   3 |  852.7 |
               +--------+--------+--------+--------+--------+-----+--------+

Top non-repeatable levels by time:
     D:1: 1414 daAuts
     D:2: 1013 daAuts
     D:3: 130 daAuts
